 Dungeon Crawl Stone Soup version 0.30.0 (webtiles) character file.

Game seed: 3841450020541591159

160511 alexhoolio the Warrior (level 16, -12/162 HPs)
             Began as a Minotaur Fighter on May 30, 2023.
             Was the Champion of the Shining One.
             Killed by an exploding bloated husk (46 damage)
             ... on level 4 of the Swamp.
             The game lasted 02:20:22 (27006 turns).

alexhoolio the Warrior (Minotaur Fighter)          Turns: 27006, Time: 02:20:23

Health: -12/162    AC: 28    Str: 30    XL:     16   Next: 92%
Magic:  24/24      EV: 11    Int:  5    God:    the Shining One [******]
Gold:   327        SH: 28    Dex: 12    Spells: 15/15 levels left

rFire   + . .        t - +2 morningstar (holy)
rCold   . . .        R - +0 kite shield
rNeg    + + +        f - +9 plate armour of Joit Ino {Harm}
rPois   +            (helmet restricted)
rElec   .            G - +2 cloak
rCorr   .            y - +0 pair of gloves
SInv    .            E - +0 pair of boots
Will    +....        N - amulet of reflection Stlth
                     F - ring of poison resistance
HPRegen 0.47/turn    X - ring "Dafaumoz" {rF+ Str+3 Slay+3}
MPRegen 0.19/turn

%: harm (+30% outgoing, +20% incoming), reflection
@: divinely shielded, glowing
A: horns 2, retaliatory headbutt, deformed body, subdued magic 1
}: 1/15 runes: decaying
a: Renounce Religion, Divine Shield, Cleansing Flame, Summon Divine Warrior,
Brand Weapon With Holy Wrath


You were on level 4 of the Swamp.
You worshipped the Shining One.
The Shining One was exalted by your worship.
You visited 4 branches of the dungeon, and saw 26 of its levels.
You also visited: Gauntlet.

You collected 2431 gold pieces.
You spent 2104 gold pieces at shops.

Inventory:

Hand Weapons
 s - a +2 antimagic sling
 t - a +2 morningstar of holy wrath (weapon)
 V - a +4 morningstar of freezing
Missiles
 c - 16 javelins
 m - 21 boomerangs (quivered)
 S - 47 poisoned darts
 T - 2 silver javelins
Armour
 f - the +9 plate armour of Joit Ino (worn) {Harm}
   (You bought it in a shop on level 2 of the Orcish Mines)

   Harm:      It increases damage dealt and taken.
 y - a +0 pair of gloves (worn)
 E - a +0 pair of boots (worn)
 G - a +2 cloak (worn)
 R - a +0 kite shield (worn)
 W - a +3 chain mail of willpower
Jewellery
 a - a ring of protection from cold
 z - a ring of willpower
 F - a ring of poison resistance (left hand)
 N - an amulet of reflection (around neck)
 O - a ring of positive energy
 X - the ring "Dafaumoz" (right hand) {rF+ Str+3 Slay+3}
   (You found it on level 11 of the Dungeon)

   [ring of protection from fire]

   Str:       It affects your strength (+3).
   Slay:      It affects your accuracy & damage with ranged weapons and melee
   (+3).
   rF:        It protects you from fire.
Wands
 d - a wand of polymorph (12)
 C - a wand of iceblast (25)
 H - a wand of acid (64)
 J - a wand of mindburst (39)
 K - a wand of paralysis (32)
 M - a wand of digging (2)
 P - a wand of flame (15)
Scrolls
 e - 7 scrolls of blinking
 h - 5 scrolls of identify
 i - 3 scrolls of fear
 j - 2 scrolls of poison
 n - 2 scrolls of summoning
 p - 3 scrolls of fog
 u - 5 scrolls of enchant armour
 v - a scroll of magic mapping
 w - 20 scrolls of teleportation
 D - a scroll of silence
 Q - 4 scrolls of immolation
Potions
 b - 2 potions of cancellation
 g - 9 potions of flight
 k - 5 potions of lignification
 l - 4 potions of mutation
 o - 4 potions of attraction
 q - a potion of magic
 r - a potion of berserk rage
 x - 11 potions of curing
 B - a potion of resistance
 I - 2 potions of might
 L - 4 potions of brilliance
 U - 4 potions of ambrosia
 Y - 3 potions of heal wounds
 Z - 4 potions of haste
Miscellaneous
 A - a lightning rod (4/4)


   Skills:
 + Level 20.1 Fighting
 - Level 16.0 Maces & Flails
 - Level 5.3 Polearms
 + Level 15.5 Armour
 - Level 8.0 Dodging
 + Level 14.5 Shields
 + Level 12.6 Invocations


You had 15 spell levels left.
You didn't know any spells.
Your spell library contained the following spells:

 Spells                   Type           Power      Damage    Failure   Level
 Apportation              Tloc           0%         N/A       98%         1
 Freeze                   Ice            0%         1d3       98%         1
 Blink                    Tloc           0%         N/A       99%         2
 Cigotuvi's Dreadful Rot  Necr/Pois/Air  0%         N/A       99%         2
 Lesser Beckoning         Tloc           0%         N/A       99%         2
 Momentum Strike          Conj/Tloc      0%         3d8       99%         2
 Scorch                   Fire           0%         2d5       99%         2
 Static Discharge         Conj/Air       0%         2-2/arc   99%         2
 Sublimation of Blood     Necr           0%         N/A       99%         2
 Wereblood                Tmut           0%         N/A       99%         2
 Frozen Ramparts          Ice            0%         1d1       100%        3
 Gell's Gravitas          Tloc           0%         N/A       100%        3
 Hailstorm                Conj/Ice       0%         3d3       100%        3
 Ignite Poison            Fire/Tmut/Pois 0%         N/A       100%        3
 Inner Flame              Hex/Fire       0%         N/A       100%        3
 Teleport Other           Tloc           0%         N/A       100%        3
 Vhi's Electric Charge    Tloc/Air       0%         N/A       100%        3
 Volatile Blastmotes      Fire/Tloc      0%         2d10      100%        3
 Airstrike                Air            0%         2d(0-16)  100%        4
 Flame Wave               Conj/Fire      0%         2d4       100%        4
 Manifold Assault         Tloc           0%         N/A       100%        4
 Olgreb's Toxic Radiance  Pois           0%         N/A       100%        4
 Summon Ice Beast         Ice/Summ       0%         N/A       100%        4
 Summon Lightning Spire   Summ/Air       0%         N/A       100%        4
 Alistair's Intoxication  Tmut/Pois      0%         N/A       100%        5
 Freezing Cloud           Conj/Ice/Air   0%         6-21      100%        5
 Summon Forest            Summ/Tloc      0%         N/A       100%        5
 Summon Mana Viper        Hex/Summ       0%         N/A       100%        5
 Yara's Violent Unravell  Hex/Tmut       0%         3d3       100%        5
 Summon Cactus Giant      Summ           0%         N/A       100%        6
 Enfeeble                 Hex            0%         N/A       100%        7
 Monstrous Menagerie      Summ           0%         N/A       100%        7
 Storm Form               Tmut/Air       0%         N/A       100%        7
 Summon Hydra             Summ           0%         N/A       100%        7
 Discord                  Hex            0%         N/A       100%        8
 Ignition                 Fire           0%         3d3       100%        8


Dungeon Overview and Level Annotations

Branches:
Dungeon (15/15)            Temple (0/1) D:4            Lair (5/5) D:10
  Swamp (4/4) Lair:3       Spider (0/4) Lair:3        Slime (0/5) Lair:4
    Orc (2/2) D:12            Elf (0/3) Orc:2        Vaults (0/5) D:14
Gauntlet (visited)
 Depths: D:15

Altars:
Ashenzari
Cheibriados
Dithmenos
Elyvilon
Fedhas
Nemelex Xobeh
Okawaru
Sif Muna
Trog
Uskayaw
The Shining One
Jiyva

Shops:
D:7 (   Orc:2 [(([

Annotations:
D:7 Dowan, Duvessa
D:8 4 transporters
D:12 2 transporters, Naggiasi's ghost, journeyman KoBr
Lair:4 exclusion: oklob plant
Swamp:3 2 transporters, Vixxxy's ghost, adept MiFi


Innate Abilities, Weirdness & Mutations

You have a pair of horns on your head.
You reflexively headbutt those who attack you in melee.
Armour fits poorly on your strangely shaped body.
Your spells are a little easier to cast, but a little less powerful.


Message History

The spectral death drake closely misses your daeva.
The spectral death drake bites you but does no damage.
Your daeva is engulfed in spectral mist.
Your daeva hits the spectral death drake with a +3 scimitar of holy wrath!!
The spectral death drake convulses!!
The spectral death drake is destroyed!
The spectral death drake fades away!
You hit the spectral spriggan berserker.
The spectral spriggan berserker convulses.
The spectral spriggan berserker is heavily damaged.
You are engulfed in spectral mist.
The spectral death drake barely misses your daeva.
You block the spectral spriggan berserker's attack.
A phantom comes into view.
Your daeva calls down the wrath of the Shining One upon the spectral spriggan berserker.
The spectral spriggan berserker is smitten.
Your daeva blocks the spectral death drake's attack.
You hit the spectral spriggan air mage.
The spectral spriggan air mage convulses.
The spectral spriggan air mage is lightly damaged.
The spectral death drake bites your daeva but does no damage.
The bloated husk explodes!
The blast of putrescent gases engulfs the bloated husk!!
The blast of putrescent gases engulfs your daeva!!
The blast of putrescent gases engulfs you!!!
* * * LOW HITPOINT WARNING * * *
The blast of putrescent gases engulfs the spectral spriggan berserker!!!
The spectral spriggan berserker is destroyed!
The spectral spriggan berserker fades away!
The blast of putrescent gases engulfs the spectral death drake!!!
The spectral death drake is destroyed!
The spectral death drake fades away!
The bloated husk explodes!
The spectral fenstrider witch fades away! x2
The spectral spriggan air mage fades away!
The blast of putrescent gases engulfs your daeva!!
Your daeva dies!
Your daeva dissolves into sparkling lights!
The blast of putrescent gases engulfs you!!!
You die...

#### ##≈.##
##≈≈≈≈##
##≈≈≈≈..###
##≈≈..)~~..#
###≈@...#~~A.##
#≈≈°.#..###...##
#≈°###..###....#
#..°
#○.○###...##
##.t
##○.☼###...# #.°
##...##...## °○☼
##.○###...# #.°°
#.○○##~.## ##.W
##..°#### ♣


There were no monsters in sight!

Vanquished Creatures
  Mara (Swamp:3)
  Kirke (Swamp:1)
  2 fenstrider witches
  3 orc warlords (Orc:2)
  4 eleionomae
  2 bunyips (Swamp:1)
  A minotaur (Gauntlet)
  Snorg (D:14)
  Josephine (D:10)
  4 entropy weavers (Lair:4)
  A rakshasa (D:14)
  9 hydras
  2 catoblepae
  4 centaur warriors
  4 ghost crabs
  9 alligators
  A death scarab (Gauntlet)
  7 two-headed ogres
  2 boulder beetles
  2 death yaks (Lair:5)
  Urug (Orc:2)
  2 thrashing horrors (Gauntlet)
  5 orc high priests (Orc:2)
  4 skysharks
  9 spriggans
  3 skeletal warriors (D:14)
  A pharaoh ant (Lair:3)
  4 fire crabs (Lair:4)
  3 spriggan druids
  6 swamp dragons
  4 goliath frogs
  Pikel (D:6)
  5 bog bodies
  7 orc knights (Orc:2)
  A phantasmal warrior (Swamp:4)
  2 deep elf pyromancers
  5 cyclopes
  An ugly thing (D:13)
  5 orc sorcerers
  A wolf spider (D:12)
  A manticore (D:11)
  A will-o-the-wisp (Swamp:3)
  2 torpor snails
  2 moths of wrath (Swamp:3)
  15 elephants
  Joseph (D:7)
  An apocalypse crab (Lair:4)
  2 cane toads (shapeshifter) (D:14)
  A demonic crawler (Lair:4)
  6 black mambas
  18 cane toads
  2 gargoyles
  A freezing wraith (D:14)
  7 rime drakes
  5 kobold demonologists
  9 komodo dragons
  3 swamp worm zombies (Swamp:4)
  2 tengu conjurers (D:14)
  Psyche (D:8)
  A rime drake (shapeshifter) (D:14)
  5 hydra zombies (Swamp:4)
  5 trolls
  A bloated husk (Swamp:4)
  3 polar bears
  Prince Ribbit (D:6)
  30 blink frogs
  11 hornets
  4 spectral swamp dragons (Swamp:4)
  A raiju (shapeshifter) (D:14)
  10 tyrant leeches
  A raiju (Gauntlet)
  3 alligator zombies (Swamp:4)
  4 dream sheep (Lair:4)
  A jumping spider (Lair:3)
  12 slime creatures
  2 shadows (D:12)
  4 wyverns
  5 wraiths (D:10)
  A yak (shapeshifter) (D:14)
  A steam dragon (D:8)
  2 basilisks
  30 yaks
  8 vampire mosquitoes
  4 wargs
  Menkaure (D:6)
  2 redbacks (Lair:3)
  16 swamp worms
  Edmund (D:6)
  10 water moccasins
  47 orc warriors
  2 black bears
  5 ice beasts (D:10)
  A spectral torpor snail (Gauntlet)
  A swamp dragon zombie (Swamp:4)
  8 centaurs
  5 ogres
  14 wolves
  2 small abominations (Gauntlet)
  3 kobold brigands
  Blork the orc (D:6)
  4 scorpions (D:5)
  11 bullfrogs
  7 killer bees
  8 howler monkeys
  4 electric eels
  5 jellies
  Crazy Yiuf (D:7)
  3 hounds (D:6)
  2 gnoll boudas
  32 orc priests
  3 sleepcaps
  An iguana (D:7)
  21 orc wizards
  A lightning spire (Gauntlet)
  4 hell rats (Lair:1)
  8 adders
  11 gnolls
  2 swamp drake zombies (Swamp:4)
  A shadow imp (D:5)
  A worm (D:3)
  2 dart slugs
  75 orcs
  6 ball pythons
  2 bats
  10 endoplasms
  2 giant cockroaches
  A goblin (D:3)
  10 hobgoblins
  A jackal (D:1)
  14 kobolds
  3 quokkas
  A frilled lizard (D:2)
  5 rats
742 creatures vanquished.

Vanquished Creatures (collateral kills)
  Nikola (Swamp:1)
  A bone dragon (Swamp:4)
  3 death yaks (Lair:5)
  2 fire crabs (Lair:4)
  A death drake (Swamp:4)
  2 spectral hydras (Swamp:4)
  2 elephants (Lair:5)
  A swamp worm zombie (Swamp:4)
  A rime drake (Lair:5)
  A komodo dragon (Lair:4)
  An alligator zombie (Swamp:4)
  A blink frog (Lair:4)
  A dream sheep (Lair:4)
  3 yaks
  A water moccasin (Lair:4)
  A swamp dragon zombie (Swamp:4)
  A wolf (Lair:4)
  2 bullfrogs (Lair:4)
26 creatures vanquished.

Vanquished Creatures (others)
  A ghost crab (Swamp:4)
  An alligator (Swamp:3)
  A will-o-the-wisp (Swamp:3)
  7 bloated husks
  3 humans (Swamp:1)
  2 phantoms (Swamp:4)
  A kobold (D:12)
  6 foxfires (Swamp:3)
  52 fungi
  128 plants
202 creatures vanquished.

Grand Total: 970 creatures vanquished

Notes
Turn   | Place    | Note
-------+----------+-------------------------------------------
     0 | D:1      | alexhoolio the Minotaur Fighter began the quest for the
                  | Orb.
     0 | D:1      | Reached XP level 1. HP: 19/19 MP: 0/0
   197 | D:1      | Reached XP level 2. HP: 27/27 MP: 1/1
   316 | D:1      | Reached skill level 4 in Fighting
   939 | D:2      | Reached XP level 3. HP: 31/33 MP: 2/2
  1163 | D:2      | Found a glowing golden altar of the Shining One.
  1171 | D:2      | Became a worshipper of the Shining One
  1455 | D:3      | Found a white marble altar of Elyvilon.
  1692 | D:3      | Reached XP level 4. HP: 38/41 MP: 3/3
  1833 | D:3      | Found a faded altar of an unknown god.
  1837 | D:3      | Found a shadowy altar of Dithmenos.
  2087 | D:3      | Found a sparkling altar of Nemelex Xobeh.
  2264 | D:4      | Reached skill level 5 in Polearms
  2400 | D:4      | Reached XP level 5. HP: 25/47 MP: 4/4
  2519 | D:4      | Reached skill level 5 in Fighting
  2519 | D:4      | Reached skill level 1 in Maces & Flails
  2660 | D:4      | Noticed a black bear
  2667 | D:4      | Killed a black bear
  2668 | D:4      | Reached XP level 6. HP: 53/57 MP: 5/5
  2686 | D:4      | Found a staircase to the Ecumenical Temple.
  2931 | D:5      | Entered Level 5 of the Dungeon
  3048 | D:5      | Reached skill level 6 in Fighting
  3088 | D:5      | Reached skill level 5 in Maces & Flails
  3098 | D:5      | Reached XP level 7. HP: 60/63 MP: 6/6
  3184 | D:5      | Reached * piety under the Shining One
  3570 | D:5      | Reached skill level 7 in Fighting
  3820 | D:6      | Noticed Prince Ribbit
  3885 | D:6      | Noticed Edmund
  4024 | D:6      | Reached XP level 8. HP: 73/73 MP: 7/7
  4191 | D:7      | Found Cirhuff's Antique Weapon Shop.
  4209 | D:7      | Noticed Dowan
  4209 | D:7      | Noticed Duvessa
  4246 | D:8      | Found a transporter.
  4252 | D:8      | Found a transporter.
  4253 | D:8      | Found a transporter.
  4266 | D:8      | Found a transporter.
  4338 | D:7      | Reached skill level 8 in Fighting
  4558 | D:7      | Found a runed translucent door.
  4560 | D:7      | Noticed Crazy Yiuf
  4567 | D:7      | Killed Crazy Yiuf
  4704 | D:7      | Found a snail-covered altar of Cheibriados.
  4868 | D:7      | Noticed Joseph
  4903 | D:6      | Killed Edmund
  4904 | D:6      | Reached skill level 10 in Maces & Flails
  5066 | D:6      | Noticed Menkaure
  5071 | D:6      | Killed Menkaure
  5077 | D:6      | Reached XP level 9. HP: 82/82 MP: 5/8
  5107 | D:6      | Reached skill level 9 in Fighting
  5112 | D:6      | Found a shimmering blue altar of Sif Muna.
  5123 | D:6      | Noticed Blork the orc
  5135 | D:6      | Killed Blork the orc
  5207 | D:6      | Killed Prince Ribbit
  5298 | D:6      | Noticed Pikel
  5322 | D:6      | Killed Pikel
  5464 | D:7      | Killed Joseph
  5465 | D:7      | Reached skill level 10 in Fighting
  5788 | D:8      | Noticed Psyche
  5803 | D:8      | Killed Psyche
  6396 | D:9      | Reached XP level 10. HP: 94/94 MP: 9/9
  6667 | D:9      | Reached skill level 11 in Fighting
  7028 | D:10     | Entered Level 10 of the Dungeon
  7277 | D:9      | Noticed a boulder beetle
  7291 | D:9      | Killed a boulder beetle
  7292 | D:9      | Reached skill level 1 in Invocations
  7585 | D:10     | Found a staircase to the Lair.
  7588 | D:10     | Found a blossoming altar of Fedhas.
  7836 | D:10     | Noticed a two-headed ogre
  7846 | D:10     | Killed a two-headed ogre
  7847 | D:10     | Reached skill level 12 in Fighting
  7847 | D:10     | Reached skill level 15 in Maces & Flails
  7847 | D:10     | Reached XP level 11. HP: 94/104 MP: 12/12
  8068 | D:10     | Found a broken altar of Ashenzari.
  8071 | D:10     | Noticed Josephine
  8092 | D:10     | Reached ** piety under the Shining One
  8130 | D:10     | Killed Josephine
  8394 | D:10     | Found a hide-covered altar of Uskayaw.
  8653 | D:10     | Noticed a two-headed ogre
  8661 | D:10     | Killed a two-headed ogre
  8740 | D:11     | Noticed a two-headed ogre
  8750 | D:10     | Killed a two-headed ogre
  8751 | D:10     | Reached skill level 13 in Fighting
  9010 | D:11     | Identified the ring "Dafaumoz" {rF+ Str+3 Slay+3}
  9151 | D:11     | Noticed a two-headed ogre
  9156 | D:11     | Killed a two-headed ogre
  9312 | D:11     | Noticed a fire crab
  9313 | D:11     | Noticed an ogre mage
  9323 | D:11     | Noticed a six-headed hydra
  9326 | D:11     | Noticed a centaur warrior
  9811 | Lair:1   | Entered Level 1 of the Lair of Beasts
  9900 | Lair:1   | Reached skill level 14 in Fighting
 10114 | D:12     | Noticed a boulder beetle
 10151 | D:12     | Killed a boulder beetle
 10250 | D:12     | Found a transporter.
 10251 | D:12     | Noticed a fire giant
 10254 | D:12     | Noticed Naggiasi's ghost (journeyman KoBr)
 10255 | D:12     | Noticed a boulder beetle
 10262 | D:12     | Found a transporter.
 10423 | D:12     | Found a viscous altar of Jiyva.
 10432 | D:12     | Reached skill level 15 in Fighting
 10595 | D:12     | Noticed a two-headed ogre
 10602 | D:12     | Killed a two-headed ogre
 10670 | D:12     | Noticed a wolf spider
 10680 | D:12     | Killed a wolf spider
 10681 | D:12     | Reached XP level 12. HP: 99/121 MP: 14/14
 10809 | D:12     | Reached *** piety under the Shining One
 10903 | D:12     | Noticed an ettin
 10904 | D:12     | an ettin changed into a six-headed hydra
 10904 | D:12     | Noticed a six-headed hydra (shapeshifter)
 10913 | D:12     | a six-headed hydra changed into a minotaur
 10913 | D:12     | Noticed a minotaur (shapeshifter)
 10960 | D:12     | a minotaur changed into a dire elephant
 10960 | D:12     | Noticed a dire elephant (shapeshifter)
 11013 | D:12     | Found a staircase to the Orcish Mines.
 11038 | Orc:1    | Entered Level 1 of the Orcish Mines
 11163 | Orc:1    | Reached skill level 5 in Armour
 11163 | Orc:1    | Reached skill level 5 in Shields
 11476 | Orc:2    | Entered Level 2 of the Orcish Mines
 11599 | Orc:2    | Reached skill level 5 in Invocations
 11712 | Orc:2    | Noticed an orc warlord
 11859 | Orc:2    | Killed an orc warlord
 12208 | Orc:2    | Noticed an orc warlord
 12223 | Orc:2    | Killed an orc warlord
 12385 | Orc:2    | Reached skill level 16 in Fighting
 12530 | Orc:2    | Noticed an orc warlord
 12530 | Orc:2    | Reached **** piety under the Shining One
 12542 | Orc:2    | Killed an orc warlord
 12615 | Orc:2    | Found Ceblig's Armour Emporium.
 12692 | Orc:2    | Found a staircase to the Elven Halls.
 12829 | Orc:2    | Noticed Urug
 12848 | Orc:2    | Killed Urug
 12952 | Orc:2    | Reached XP level 13. HP: 92/130 MP: 17/17
 13748 | Orc:2    | Gained mutation: Your spells are a little easier to cast,
                  | but a little less powerful. [a neqoxec]
 13749 | Orc:2    | Gained mutation: Armour fits poorly on your strangely
                  | shaped body. [a neqoxec]
 14011 | Orc:2    | Found Wibaodu's Antique Weapon Emporium.
 14012 | Orc:2    | Found Yrimnuk Hir's Antique Armour Emporium.
 14012 | Orc:2    | Found Wucorena's Magic Scroll Shoppe.
 14013 | Orc:2    | Found Alonusk's Antique Weapon Emporium.
 14022 | Orc:2    | Bought a scroll of immolation for 72 gold pieces
 14022 | Orc:2    | Bought a scroll of blinking for 135 gold pieces
 14022 | Orc:2    | Bought 2 scrolls of teleportation for 108 gold pieces
 14022 | Orc:2    | Bought a scroll of identify for 36 gold pieces
 14022 | Orc:2    | Bought a scroll of poison for 72 gold pieces
 14133 | Orc:1    | You fall into a shaft and drop 1 floor!
 14293 | Orc:2    | Bought the +9 plate armour of Joit Ino {Harm} for 1050 gold
                  | pieces
 14689 | D:13     | Reached skill level 1 in Dodging
 15437 | D:13     | Reached skill level 17 in Fighting
 15622 | D:14     | Found a gate to the Vaults.
 15648 | D:13     | Reached skill level 10 in Armour
 15731 | D:14     | You fall into a shaft and drop 1 floor!
 15731 | D:15     | Entered Level 15 of the Dungeon
 15738 | D:14     | Found a bloodstained altar of Trog.
 15778 | D:14     | Found a gate leading to a gauntlet.
 15787 | Gauntlet | Entered a Gauntlet
 15787 | Gauntlet | Found a large runed translucent door.
 15787 | Gauntlet | Found a large runed translucent door.
 15787 | Gauntlet | Found a large runed translucent door.
 15787 | Gauntlet | Found a large runed translucent door.
 15787 | Gauntlet | Found a runed translucent door.
 15787 | Gauntlet | Found a large runed translucent door.
 15787 | Gauntlet | Found a large runed translucent door.
 15787 | Gauntlet | Found a transporter.
 15787 | Gauntlet | Found a transporter.
 15787 | Gauntlet | Found a large runed translucent door.
 15787 | Gauntlet | Found a large runed translucent door.
 15787 | Gauntlet | Found a runed translucent gate.
 15787 | Gauntlet | Found a runed translucent gate.
 15787 | Gauntlet | Found a transporter.
 15846 | Gauntlet | Found a transporter.
 15849 | Gauntlet | Found a transporter.
 15849 | Gauntlet | Found a transporter.
 15850 | Gauntlet | Found a runed translucent gate.
 15850 | Gauntlet | Found a runed translucent door.
 15854 | Gauntlet | Found a large runed translucent door.
 15854 | Gauntlet | Found a large runed translucent door.
 15859 | Gauntlet | Found a transporter.
 15863 | Gauntlet | Found a transporter.
 15873 | Gauntlet | Found a transporter.
 15919 | Gauntlet | Found a large runed translucent door.
 15919 | Gauntlet | Found a large runed translucent door.
 15922 | Gauntlet | Found a large runed translucent door.
 15922 | Gauntlet | Found a large runed translucent door.
 15923 | Gauntlet | Found a large runed translucent door.
 15924 | Gauntlet | Found a large runed translucent door.
 15969 | Gauntlet | Noticed a quicksilver ooze
 15979 | Gauntlet | Found a transporter.
 15979 | Gauntlet | Found a transporter.
 15989 | Gauntlet | Found a transporter.
 16119 | Gauntlet | Identified the -2 pair of boots "Weugirph" {*Corrode rElec
                  | Dex+4}
 16195 | Gauntlet | Noticed a minotaur
 16208 | Gauntlet | Killed a minotaur
 16422 | Gauntlet | Got the Precepts of Movement
 16461 | D:14     | Reached XP level 14. HP: 107/140 MP: 19/19
 16803 | D:14     | Found an iron altar of Okawaru.
 16923 | D:14     | Noticed Snorg
 16929 | D:14     | Killed Snorg
 17366 | Lair:1   | Reached skill level 10 in Shields
 17588 | Lair:1   | Reached ***** piety under the Shining One
 19151 | Lair:3   | Found a staircase to the Swamp.
 19292 | Lair:3   | You fall into a shaft and drop 2 floors!
 19292 | Lair:5   | Entered Level 5 of the Lair of Beasts
 19390 | Lair:5   | Reached skill level 5 in Dodging
 19415 | Lair:5   | Reached skill level 18 in Fighting
 19634 | Lair:5   | Reached XP level 15. HP: 116/149 MP: 21/21
 19795 | Lair:5   | Reached skill level 10 in Invocations
 20247 | Lair:5   | Found the +6 arbalest "Damnation" {damnation}
 21257 | Lair:4   | Found a runed translucent door.
 22000 | Lair:4   | Found a staircase to the Slime Pits.
 22037 | Lair:4   | Identified the +2 arbalest of Change {drain, Fragile rElec
                  | rC++}
 22492 | Lair:3   | Found a hole to the Spider Nest.
 22637 | Lair:3   | Found a runed translucent door.
 23165 | Orc:2    | Bought a runed morningstar for 280 gold pieces
 23189 | Orc:2    | Bought a scroll of teleportation for 54 gold pieces
 23189 | Orc:2    | Bought a scroll of blinking for 135 gold pieces
 23189 | Orc:2    | Bought 3 scrolls of teleportation for 162 gold pieces
 23523 | Swamp:1  | Entered Level 1 of the Swamp
 23524 | Swamp:1  | Noticed Kirke
 23536 | Swamp:1  | Reached skill level 19 in Fighting
 23541 | Swamp:1  | Killed Kirke
 23709 | Swamp:1  | Reached XP level 16. HP: 160/160 MP: 23/23
 24102 | Swamp:1  | Noticed Nikola
 24170 | Swamp:1  | Killed Nikola
 25290 | Swamp:2  | Identified the ring of Sloth {Fly Str+2 Int+5}
 25499 | Swamp:3  | Found a transporter.
 25539 | Swamp:3  | Found a transporter.
 25541 | Swamp:3  | Noticed Vixxxy's ghost (adept MiFi)
 25543 | Swamp:3  | Found a bloodstained altar of Trog.
 25563 | Swamp:3  | Noticed Mara
 25579 | Swamp:3  | Noticed alexhoolio's illusion
 25579 | Swamp:3  | Killed Mara
 25595 | Swamp:3  | Identified the ring of Loipn {rF+ Stlth+}
 25891 | Swamp:3  | Identified the +0 ring mail of Sophism {Str+5 Dex-3}
 25971 | Swamp:3  | Reached skill level 15 in Armour
 26561 | Swamp:4  | Entered Level 4 of the Swamp
 26856 | Swamp:4  | Reached ****** piety under the Shining One
 26918 | Swamp:4  | Reached skill level 20 in Fighting
 26947 | Swamp:4  | Noticed a bone dragon
 26964 | Swamp:4  | Killed a bone dragon
 26983 | Swamp:4  | Got a decaying rune of Zot
 27006 | Swamp:4  | Killed by an exploding bloated husk

Illustrated notes

Levels and vault maps discovered:
D:1:      matt_arrival_spirals, layout_basic
D:2:      layout_rooms, basic_altar, minmay_surrounded
D:3:      layout_loops_cross, mainiacjoe_overflow_surrounded_room,
          nemelex_diamond_rough_becter, nicolae_overflow_ecumenical_swirl
D:4:      layout_rooms, minmay_temple_entry_mist
D:5:      layout_loops_ring
D:6:      layout_rooms, nicolae_sif_muna_condensation, uniq_menkaure,
          uniq_edmund, uniq_blork_the_orc, uniq_pikel, uniq_prince_ribbit1
D:7:      layout_cave_pools, kennysheep_slug_shrine, serial_shops,
          nicolae_stop_n_shop_2, uniq_joseph, uniq_crazy_yiuf_cottage,
          uniq_duvessa
D:8:      layout_cave_pools, nicolae_transporter_circle, uniq_psyche
D:9:      layout_basic, hangedman_minor_gate_pass
D:10:     layout_stronghold, fedhas_altar_1, general_overflow_altar,
          mainiacjoe_overflow_boulevard, hellmonk_lair_entry_icy, uniq_josephine
D:11:     layout_basic, dk_vineyard_1, onia_ninara_dug_in_and_dangerous
D:12:     layout_rooms, david_orc_4, gammafunk_ghost_arena, jiyva_altar_1
D:13:     layout_cave_pools
D:14:     layout_irregular_city, david_vaults_2, trog_three_pillars_becter,
          gauntlet_entry_generic, okawaru_metal_pillars_1_2, uniq_snorg
D:15:     gammafunk_depths_entry_grave, layout_cross, xom_redecorated,
          minmay_joined_circles, uniq_louise
Lair:1:   layout_cave_shapes, serial_bayou_shore_a
Lair:2:   layout_layer_cave, lemuel_old_faithful
Lair:3:   layout_concentric_octagons, swamp_mist,
          nicolae_spider_entry_lesser_pyramids, pf_torpor_hydra
Lair:4:   gammafunk_mikee_crab_dinner, layout_regular_city, slime_entry_1,
          worms_lemuel, grunt_megastairs_1, infiniplex_staircase_pool_2,
          lemuel_fruit_tree
Lair:5:   minmay_lair_end_frog_pond, layout_loops_ring, minmay_lair_drake_nest
Swamp:1:  layout_basic_swamp, hangedman_swamp_diagram, uniq_kirke, uniq_nikola
Swamp:2:  layout_falls_marsh, evilmike_swamp_ruin_house_6
Swamp:3:  layout_basic_swamp, gammafunk_ghost_wrathful_warriors,
          nicolae_swamp_treefoil, uniq_mara
Swamp:4:  swamp_pestilence, layout_basic_swamp, ebering_ghost_inner_flame
Orc:1:    layout_diamond_mine
Orc:2:    st_orc_pillars, layout_diamond_mine, serial_shops,
          nicolae_lakefront_shop, basic_altar, david_defended_altar_orc,
          uniq_urug

Skill      XL: |  1  2  3  4  5  6  7  8  9 10 11 12 13 14 15 16 |
---------------+-------------------------------------------------+-----
Polearms       | 3 4 5 |  5.3
Fighting       | 4 5 6 7 8 10 12 15 16 17 18 19 20 | 20.1
Maces & Flails | 3 5 7 10 13 15 16 | 16.0
Invocations    | 3 4 6 8 9 11 12 | 12.6
Armour         | 4 7 10 12 14 15 | 15.5
Shields        | 4 7 9 11 12 14 | 14.5
Dodging        | 3 5 8 |  8.0

Action                     |  1- 3 |  4- 6 |  7- 9 | 10-12 | 13-15 | 16-18 || total
---------------------------+-------+-------+-------+-------+-------+-------++-------
  Melee: Trident           |    99 |    39 |       |       |       |       ||   138
         Headbutt          |     6 |    12 |    47 |   132 |   256 |    75 ||   528
         Morningstar       |       |    31 |   190 |   498 |   870 |   260 ||  1849
  Throw: Boomerang         |       |     9 |    16 |    39 |    16 |     2 ||    82
 Invoke: Divine Shield     |       |       |     6 |     9 |    13 |     7 ||    35
         Summon Divine War |       |       |       |       |     2 |     3 ||     5
         Cleansing Flame   |       |       |       |       |       |     2 ||     2
    Use: Scroll            |       |       |       |       |    32 |       ||    32
         Potion            |       |       |       |       |     1 |     2 ||     3
   Stab: Distracted        |     1 |       |       |       |       |       ||     1
 Armour: Scale mail        |    20 |    21 |    36 |     8 |       |       ||    85
         Plate armour      |       |       |       |    75 |   250 |   121 ||   446
         Chain mail        |       |       |       |    11 |    26 |       ||    37
  Dodge: Dodged            |    38 |    28 |    70 |    75 |   153 |    75 ||   439
  Block: Buckler           |    12 |    12 |    55 |   110 |       |       ||   189
         Reflection        |       |       |       |    11 |    27 |     7 ||    45
         Kite shield       |       |       |       |   110 |   698 |   243 ||  1051
